[Event "5th Shenzhen Longgang Masters 2024"]
[Site "Shengzhen"]
[Date "2024.03.02"]
[Round "3.3"]
[White "Ma, Qun"]
[Black "Dubov, Daniil"]
[Result "1/2-1/2"]
[ECO "D38"]
[WhiteElo "2651"]
[BlackElo "2708"]
[Annotator "TA"]
[PlyCount "61"]
[EventDate "2024.02.28"]
[EventType "tourn"]
[EventCountry "CHN"]
[SourceTitle "playchess.com"]
[Source "ChessBase"]
[SourceQuality "1"]
[TimeControl "40/5400+30:1800+30"]

1. d4 Nf6 2. c4 e6 3. Nf3 d5 4. Nc3 Bb4 5. Bg5 O-O 6. e3 h6 7. Bxf6 Qxf6 8. Rc1 Nd7 9. Qb3 c5 10. a3 (10. cxd5 {is interesting.} exd5 11. dxc5 a5 12. Qxd5 Nxc5 13. Qd4) 10... cxd4 {[%emt 0:11:31] The position is equal.} 11. Qxb4 dxc3 12. Qxc3 dxc4 13. Bxc4 Qxc3+ 14. Rxc3 Nb6 15. Bd3 Bd7 16. Ne5 Rfc8 17. Rxc8+ Rxc8 18. Kd2 {[%emt 0:00:08] Against Rc1} Be8 19. Rc1 Rxc1 20. Kxc1 $11 {[%emt 0:00:08][%mdl 4096] Endgame. KBN-KBN} f6 21. Nc4 Nxc4 22. Bxc4 {[%emt 0:00:05] KB-KB} Kf7 23. Kd2 Bc6 24. g3 Ke7 25. f4 Kd6 26. Kc3 b6 27. b4 e5 28. Bb3 Bb7 29. Bc4 Bc6 30. Bb3 Bb7 31. Bc4 {[%emt 0:00:03] Weighted Error Value: White=0.06 (flawless) /Black=0.03 (flawless) .  Inaccurate:     	White=1     	---        OK:         	White=10    	Black=14} 1/2-1/2

[Event "5th Shenzhen Longgang Masters 2024"]
[Site "Shengzhen"]
[Date "2024.03.02"]
[Round "3.4"]
[White "Yu, Yangyi"]
[Black "Artemiev, Vladislav"]
[Result "1-0"]
[ECO "B12"]
[WhiteElo "2720"]
[BlackElo "2711"]
[Annotator "TA"]
[PlyCount "115"]
[EventDate "2024.02.28"]
[EventType "tourn"]
[EventCountry "CHN"]
[SourceTitle "playchess.com"]
[Source "ChessBase"]
[SourceQuality "1"]
[TimeControl "40/5400+30:1800+30"]

1. e4 c6 2. d4 d5 3. e5 Bf5 4. Nf3 e6 5. Be2 c5 6. O-O Nc6 7. Be3 cxd4 8. Nxd4 Nxd4 {[%emt 0:08:48] B12: Caro-Kann: Advance Variation.} 9. Bxd4 Ne7 10. Nd2 Nc6 11. Nb3 $5 {[%emt 0:00:34][%mdl 4] Exploring less charted territory.} Be7 12. f4 Nxd4 $146 ({Predecessor:} 12... O-O 13. Bf2 Rc8 14. c3 b6 15. Bb5 Bg6 16. Qe2 Qc7 17. Rae1 Nb8 18. g4 h6 {1-0 Frank,M (2311)-Mannermaa,J (2509) Jiri Pelikan mem-B email 1997}) 13. Nxd4 Qb6 14. Kh1 Be4 15. Bb5+ Kf8 16. a4 Bc5 17. a5 Qc7 18. Nb3 g6 19. Bd3 Kg7 20. Bxe4 dxe4 21. Ra4 Rhd8 22. Qe2 e3 23. Rc4 $1 b6 24. axb6 axb6 25. Nxc5 bxc5 26. Qxe3 Qb6 27. b3 (27. b4 Qa6 28. b5 (28. Qxc5 $2 Rdc8 $19) 28... Qxb5 29. Qxc5 Qa6) 27... Rd4 28. Rxd4 cxd4 29. Qd3 Rc8 30. Rd1 Rc3 31. Qxd4 Qxd4 32. Rxd4 Rxc2 33. h4 Rb2 34. b4 Kf8 35. Rd8+ (35. Rc4 $14) 35... Kg7 $11 36. Rd4 (36. Rb8 $11) 36... Kf8 $14 37. Rc4 Ke7 38. Rc7+ $1 Kf8 39. Rb7 $1 h6 40. b5 (40. g3 $16) 40... Kg7 $2 (40... g5 $1 $14) 41. b6 $18 Rb5 42. g3 g5 {[%emt 0:13:59] [#]} (42... Rb2 {might work better.} 43. Kg1 Kg8) 43. h5 $1 $18 (43. hxg5 hxg5 44. Kg1 (44. fxg5 Rxe5 45. Kg2 Rxg5 $11) 44... g4 $14) 43... g4 44. Kg2 Rb2+ 45. Kf1 Kg8 46. Ke1 Rb3 (46... Kf8 $142 47. Kd1 Kg7) 47. Kd2 Rxg3 48. Rc7 Rb3 49. b7 Kg7 50. f5 g3 51. f6+ ({Stronger than} 51. fxe6 g2 52. Rc1 (52. exf7 g1=Q 53. f8=R+ Kxf8 54. Rc8+ Ke7 55. Rc7+ Ke6 56. Rc6+ Kxe5 57. b8=R Rxb8 58. Rc2 Qf2+ 59. Kd1 Rd8+ 60. Kc1 Qg1+ 61. Kb2 Rb8+ 62. Kc3 Qd4#) (52. Rxf7+ $2 Kg8 $19) 52... Rxb7 $11 (52... fxe6 53. Rg1 $11)) 51... Kh7 52. Ke2 Rb2+ {[%emt 0:00:47] [#]} 53. Kf1 $1 Kg8 54. Kg1 Rb1+ 55. Kg2 Rb3 56. Rd7 Rb2+ 57. Kxg3 Kh7 58. Rxf7+ 1-0

[Event "5th Shenzhen Longgang Masters 2024"]
[Site "Shengzhen"]
[Date "2024.03.04"]
[Round "4.1"]
[White "Xu, Xiangyu"]
[Black "Artemiev, Vladislav"]
[Result "1/2-1/2"]
[ECO "D14"]
[WhiteElo "2623"]
[BlackElo "2711"]
[Annotator "TA"]
[PlyCount "76"]
[EventDate "2024.02.28"]
[EventType "tourn"]
[EventCountry "CHN"]
[SourceTitle "playchess.com"]
[Source "ChessBase"]
[SourceQuality "1"]
[TimeControl "40/5400+30:1800+30"]

1. d4 d5 2. c4 c6 3. cxd5 cxd5 4. Bf4 Nc6 5. e3 Nf6 6. Nc3 Bf5 7. Nf3 e6 8. Qb3 Bb4 9. Bb5 O-O 10. Bxc6 Bxc3+ 11. Qxc3 Rc8 {[%emt 0:00:30] [#]} 12. Ne5 $1 Ng4 (12... bxc6 13. Qa3) 13. Nxg4 Bxg4 {[%emt 0:00:58] [#] The position is equal.} 14. Qb4 $1 Rxc6 {[%emt 0:00:27] Black is weak on the dark squares} 15. Qxb7 Qc8 16. Qxc8 (16. Qxa7 $2 {gets mated.} Rc1+ 17. Rxc1 Qxc1#) 16... Rfxc8 17. O-O a5 18. f3 Bf5 19. b3 h5 20. h4 a4 21. bxa4 Ra8 22. Rfc1 Rxc1+ 23. Rxc1 Rxa4 $14 {[%emt 0:00:07][%mdl 4096] Endgame. KRB-KRB} 24. Ra1 $1 Rb4 25. a4 Bd3 26. a5 {[%emt 0:02:46] Black must now prevent a6.} Ba6 27. Ra2 f6 28. Bd6 Rb1+ 29. Kf2 Kf7 30. Kg3 g5 31. hxg5 fxg5 32. Kh2 Kg6 33. Rc2 Bc4 34. Rc3 Rb2 35. e4 {[%emt 0:03:27] White is slightly better.} Ra2 36. exd5 Bxd5 37. Ra3 Rxa3 38. Bxa3 Kf5 {[%emt 0:02:00] Weighted Error Value: White=0.02 (flawless) /Black=0.04 (flawless) .  Inaccurate:     	---       	Black=1      OK:         	White=16    	Black=13     Best:        	White=2     	---        Strong:       	White=1     	---} 1/2-1/2

[Event "5th Shenzhen Longgang Masters 2024"]
[Site "Shengzhen"]
[Date "2024.03.04"]
[Round "4.2"]
[White "Dubov, Daniil"]
[Black "Yu, Yangyi"]
[Result "1/2-1/2"]
[ECO "C42"]
[WhiteElo "2708"]
[BlackElo "2720"]
[Annotator "TA"]
[PlyCount "60"]
[EventDate "2024.02.28"]
[EventType "tourn"]
[EventCountry "CHN"]
[SourceTitle "playchess.com"]
[Source "ChessBase"]
[SourceQuality "1"]
[TimeControl "40/5400+30:1800+30"]

1. e4 e5 2. Nf3 Nf6 3. Nxe5 d6 4. Nf3 Nxe4 5. d4 d5 6. Bd3 Nc6 7. O-O Be7 8. Re1 Bf5 9. Nbd2 Nxd2 10. Qxd2 Bxd3 11. Qxd3 O-O 12. c3 Qd7 13. Bd2 Rae8 14. Re3 Bf6 15. Rae1 Rxe3 16. Rxe3 Ne7 17. Re1 Ng6 18. Qe2 Rd8 19. g3 h6 20. h4 Qg4 21. Nh2 Qxe2 22. Rxe2 h5 23. Nf3 {[%emt 0:04:30] The position is equal.} Be7 24. Ne5 Nxe5 25. Rxe5 $11 {[%emt 0:00:07][%mdl 4096] Endgame. KRB-KRB} Bf6 26. Re2 (26. Rxh5 g6 27. Rg5 (27. Rh6 $2 Bg7 $19) 27... Bxg5 28. Bxg5 Rd6) 26... Kf8 27. Bf4 c6 28. Be5 Bxe5 29. Rxe5 g6 30. Kg2 f6 {[%emt 0:00:08] Weighted Error Value: White=0.05 (flawless) /Black=0.01 (flawless) .  OK:         	White=5     	Black=15} 1/2-1/2

[Event "5th Shenzhen Longgang Masters 2024"]
[Site "Shengzhen"]
[Date "2024.03.04"]
[Round "4.3"]
[White "Erigaisi Arjun"]
[Black "Ma, Qun"]
[Result "1-0"]
[ECO "C54"]
[WhiteElo "2738"]
[BlackElo "2651"]
[Annotator "RC"]
[PlyCount "139"]
[EventDate "2024.02.28"]
[EventType "tourn"]
[EventCountry "CHN"]
[SourceTitle "playchess.com"]
[Source "ChessBase"]
[SourceQuality "1"]
[TimeControl "40/5400+30:1800+30"]

1. e4 e5 2. Nf3 Nc6 3. Bc4 Bc5 4. c3 Nf6 5. d3 d6 6. Bg5 h6 7. Bh4 a6 8. Nbd2 Ba7 9. a4 g5 10. Bg3 Qe7 11. O-O Nd7 12. b4 Nf8 13. d4 h5 14. b5 Nd8 15. h4 g4 16. Nxe5 dxe5 17. Bxe5 Rg8 18. Bg3 Ng6 19. Bd3 Nxh4 20. e5 Kf8 21. Ne4 Nf5 22. Nf6 Rh8 23. Qd2 Nxg3 24. fxg3 Qxe5 25. Rae1 Bxd4+ 26. cxd4 Qxd4+ 27. Rf2 Ne6 28. Re4 Qd6 29. Qc3 Rh6 30. bxa6 bxa6 31. Bc4 Rb8 32. Re1 Rb4 33. Ne4 Qb6 34. a5 Rxc4 35. Qd2 Qxf2+ 36. Qxf2 Nd4 37. Ng5 Nf5 38. Ne4 Rhc6 39. Qb2 Rd4 40. Qb8 Rd8 41. Rf1 Re8 42. Qb4+ Re7 43. Nc3 Be6 44. Nd5 Bxd5 45. Rxf5 Rc4 46. Qa3 Be6 47. Rxh5 Ke8 48. Rh8+ Kd7 49. Qd3+ Kc6 50. Rh6 Rc1+ 51. Kh2 Rd7 52. Qxa6+ Kc5 53. Rh5+ Rd5 54. Rxd5+ Bxd5 55. Qd3 Rc4 56. Qd1 Bc6 57. a6 Ra4 58. a7 Ra6 59. Qb3 f5 60. Kg1 Bb5 61. Qe3+ Kd5 62. Kf2 c5 63. Qe7 Bc6 64. Ke3 Kc4 65. Qe6+ Kb5 66. Qb3+ Ka5 67. Qb8 Bxg2 68. Kd3 Rb6 69. Kc4 Rb4+ 70. Kxc5 1-0

[Event "5th Shenzhen Longgang Masters 2024"]
[Site "Shengzhen"]
[Date "2024.03.04"]
[Round "4.4"]
[White "Bu, Xiangzhi"]
[Black "Giri, Anish"]
[Result "1-0"]
[ECO "D24"]
[WhiteElo "2671"]
[BlackElo "2749"]
[Annotator "TA"]
[PlyCount "145"]
[EventDate "2024.02.28"]
[EventType "tourn"]
[EventCountry "CHN"]
[SourceTitle "playchess.com"]
[Source "ChessBase"]
[SourceQuality "1"]
[TimeControl "40/5400+30:1800+30"]

1. Nf3 d5 2. d4 Nf6 3. c4 e6 4. Nc3 dxc4 5. e4 b5 6. Nxb5 {[%emt 0:00:18] D24: Queen's Gambit Accepted: 3 Nf3 Nf6 4 Nc3.} Nxe4 7. Qa4 Nc6 $146 ({Predecessor:} 7... c6 8. Nc3 Nxc3 9. bxc3 Ba6 10. Bxc4 Bxc4 11. Qxc4 Bd6 12. O-O Qc7 13. Rd1 O-O {½-½ Ju,W (2549)-Maghsoodloo,P (2740) Tata Steel-A 86th 2024 (10)}) 8. Nc3 Nxc3 9. bxc3 Bd7 10. Qxc4 Rb8 11. Be2 Bd6 12. O-O Ne7 13. a4 Ng6 14. Be3 O-O 15. Ne5 a5 16. Nxd7 Qxd7 17. Bf3 Rb6 18. g3 Rfb8 19. Be4 c6 20. Qd3 Kh8 21. Rab1 Rxb1 22. Rxb1 Rxb1+ 23. Qxb1 Qc7 24. Bd2 Ne7 25. c4 Qa7 26. Bc3 h6 27. Qb2 Kg8 28. Bd3 g6 29. Qd2 c5 30. d5 exd5 31. cxd5 Nxd5 (31... Qb8 $16 {was necessary.} 32. Bxa5 (32. Qxh6 Be5 $16) 32... Qb3 33. Qc2) 32. Bb2 $18 (32. Bxa5 $6 Bc7 33. Bxc7 Qxc7) 32... Qe7 33. Qxa5 ({And not} 33. Qxh6 Be5 34. Bc4 Bxb2 $11) 33... Nb4 34. Qa8+ Qf8 35. Qf3 Nxd3 36. Qxd3 Qb8 37. Qc3 Kf8 38. a5 Qb4 (38... Ke8 $142 39. a6 Qb6) 39. Qh8+ $18 Ke7 40. Qf6+ Kd7 41. Qxf7+ Be7 42. Qd5+ Bd6 {[%emt 0:00:42] [#]} 43. Bg7 $1 Qxa5 44. Qf7+ ({Don't take} 44. Bxh6 $6 Qe1+ 45. Kg2 Qe6 46. Qb7+ Ke8 $16) 44... Be7 45. Qxg6 Qe1+ 46. Kg2 c4 47. Bxh6 ({Weaker is} 47. Qxh6 Qe4+ 48. Kh3 Qf5+ 49. Kg2 Qe4+ 50. Kh3 Qf5+ 51. Kg2 Qe4+ $11) 47... Bc5 48. Qf7+ Kc6 49. Qxc4 Qxf2+ 50. Kh3 Qf5+ 51. Qg4 Qd5 52. Bf4 Kb7 53. Qe2 Qf5+ 54. Kg2 Kb6 55. h4 Qd5+ 56. Qf3 Qa2+ 57. Kh3 Qe6+ 58. g4 Qe1 59. Bg3 Qe6 60. h5 Be7 61. Bf4 Bc5 62. h6 Qf7 63. Qe4 Qb3+ 64. Bg3 (64. Kh4 $142 Bf2+ 65. Kg5) 64... Qc3 65. Qe6+ Kb5 66. h7 (66. Qe8+ $142 Kb6 67. Qe6+ Kb5 68. Qe8+ Kb4 69. Qe1 Bd4 70. g5 Qxe1 71. Bxe1+ Kc5 72. g6) 66... Bd4 $18 67. Qe8+ Kb6 68. Qb8+ Ka6 69. Qa8+ Kb6 70. Qe4 Bh8 71. g5 Qc8+ 72. Kh4 Qd7 73. Qb4+ 1-0

[Event "5th Shenzhen Longgang Masters 2024"]
[Site "Shengzhen"]
[Date "2024.03.04"]
[Round "5.1"]
[White "Giri, Anish"]
[Black "Xu, Xiangyu"]
[Result "1/2-1/2"]
[ECO "A90"]
[WhiteElo "2749"]
[BlackElo "2623"]
[Annotator "TA"]
[PlyCount "62"]
[EventDate "2024.02.28"]
[EventType "tourn"]
[EventCountry "CHN"]
[SourceTitle "playchess.com"]
[Source "ChessBase"]
[SourceQuality "1"]
[TimeControl "40/5400+30:1800+30"]

1. c4 Nf6 2. Nf3 e6 3. b3 d5 4. Bb2 Bd6 5. g3 Nbd7 6. Bg2 O-O 7. O-O c6 8. d4 Ne4 9. Nc3 f5 10. Qc2 Ndf6 11. Ne5 Bd7 12. e3 Nxc3 {[%emt 0:05:01] White is slightly better.} 13. Bxc3 Be8 14. c5 Bc7 15. b4 Qe7 16. a4 Ne4 17. Bb2 a6 18. f3 Ng5 19. f4 (19. Qb3 $14) 19... Ne4 $11 20. Qe2 Bd7 21. a5 Be8 22. Kh1 Rd8 23. Rfe1 Qf6 24. Bxe4 fxe4 (24... dxe4 $5 25. d5 Rxd5 $14 (25... cxd5 26. Nd7 $14)) 25. h4 (25. Rf1 $142) 25... h5 26. Rg1 Bxe5 27. dxe5 {[%emt 0:00:04] The position is equal.} Qh6 28. Kh2 Bg6 29. g4 hxg4 30. Qxg4 Bf5 31. Qg5 Kf7 {[%emt 0:00:28] Weighted Error Value: White=0.15 (very precise) /Black=0.10 (very precise) .  Mistake:       	White=2     	---        Inaccurate:     	White=1     	Black=2      OK:         	White=4     	Black=11} (31... Qxg5 32. hxg5 (32. Rxg5 Kf7 $11) 32... Kf7 33. Kg3) 1/2-1/2

[Event "5th Shenzhen Longgang Masters 2024"]
[Site "Shengzhen"]
[Date "2024.03.04"]
[Round "5.2"]
[White "Ma, Qun"]
[Black "Bu, Xiangzhi"]
[Result "1/2-1/2"]
[ECO "D38"]
[WhiteElo "2651"]
[BlackElo "2671"]
[Annotator "TA"]
[PlyCount "86"]
[EventDate "2024.02.28"]
[EventType "tourn"]
[EventCountry "CHN"]
[SourceTitle "playchess.com"]
[Source "ChessBase"]
[SourceQuality "1"]
[TimeControl "40/5400+30:1800+30"]

1. d4 Nf6 2. c4 e6 3. Nf3 d5 4. Nc3 Bb4 5. Bg5 h6 6. Bxf6 Qxf6 7. e3 O-O 8. Rc1 dxc4 9. Bxc4 c5 10. O-O {[%emt 0:00:19] With the idea Ne4.} cxd4 11. Ne4 Qe7 12. a3 Ba5 {[%emt 0:00:31] White has an edge.} 13. exd4 Rd8 14. b4 Bb6 15. Rc3 Bd7 16. Re1 Bc6 17. Ng3 Qd6 18. Nh5 Nd7 {[%emt 0:03:02] aiming for ...Bxf3.} (18... Bxd4 $2 19. Nxd4 $18) 19. Rd3 Rac8 {[%emt 0:34:40] ...Bxf3 is the strong threat.} 20. d5 Ba4 $2 21. Qxa4 $18 (21. dxe6 Bxf2+ (21... Bxd1 22. Rxd6 Bxf3 23. exd7 $16) 22. Kf1 Bxd1 $11) 21... Rxc4 22. Qb3 $1 Qc7 (22... exd5 $2 {loses.} 23. Qxc4 $18) 23. dxe6 fxe6 24. Red1 (24. Rxe6 $6 Rc1+ 25. Re1+ Kh8 $16) (24. g3 $1 $18 Rc8 25. Nd2 (25. Rxe6 Nf8 $18)) 24... Rc1 $16 25. Qxe6+ Kh8 26. Qg4 {[%emt 0:15:42][%csl Gh5][%cal Rg4g7] The board is on fire. White has more active pieces.} Rxd1+ 27. Rxd1 Nf8 28. Re1 Qf7 29. h4 $40 {[%emt 0:15:01][%mdl 128] White is out for blood.} Qg6 30. Ne5 Qxg4 31. Nxg4 {[%emt 0:00:02] Excellent horsemanship.} Ng6 32. g3 Kg8 33. Kg2 Kf7 {[%emt 0:00:24] [#]} (33... Rd2 $142) 34. f4 $1 Rd5 35. Ne5+ Nxe5 36. fxe5 $18 {[%emt 0:00:13][%mdl 4096] Endgame. Hoping for e6+. KRB-KRN} g5 37. Nf6 Rd8 {[%emt 0:02:59] [#]} 38. hxg5 (38. h5 $1 $18) 38... hxg5 $16 39. Kf3 (39. Ne4 $16) 39... Ke6 $11 {[%emt 0:00:41] The position is equal.} 40. Kg4 {[%emt 0:00:00][%cal Of6h7] Threatens to win with Nh7!} Rd3 $1 41. Ne4 Be3 42. a4 (42. Nxg5+ Bxg5 43. Kxg5 Rxg3+ 44. Kf4 Rxa3) 42... Ra3 43. Nc5+ Kxe5 {[%emt 0:00:18] White really could win this.   Weighted Error Value: White=0.12 (very precise) /Black=0.15 (very precise) .  Loses game:     	---       	Black=1      Mistake:       	White=3     	Black=1      OK:         	White=17    	Black=13     Best:        	White=2     	Black=7      Strong:       	White=2     	Black=1} 1/2-1/2

[Event "5th Shenzhen Longgang Masters 2024"]
[Site "Shengzhen"]
[Date "2024.03.04"]
[Round "5.3"]
[White "Yu, Yangyi"]
[Black "Erigaisi Arjun"]
[Result "1/2-1/2"]
[ECO "B48"]
[WhiteElo "2720"]
[BlackElo "2738"]
[Annotator "TA"]
[PlyCount "49"]
[EventDate "2024.02.28"]
[EventType "tourn"]
[EventCountry "CHN"]
[SourceTitle "playchess.com"]
[Source "ChessBase"]
[SourceQuality "1"]
[TimeControl "40/5400+30:1800+30"]

1. e4 c5 2. Nf3 e6 3. d4 cxd4 4. Nxd4 Nc6 5. Nc3 Qc7 6. Be3 a6 7. Qd2 Nf6 8. O-O-O Be7 {[%emt 0:01:28] [#]} 9. g4 Nxg4 $11 10. Bf4 Nge5 $1 {[%emt 0:00:07] Black is slightly better.} 11. Nxc6 bxc6 12. Rg1 {[%emt 0:02:35] [#]} g5 13. Rxg5 (13. Bxg5 Nf3 14. Qe3 (14. Bf4 $2 e5 $19) 14... Nxg1 $17) 13... Bxg5 14. Bxg5 Nf3 15. Qe3 Nxg5 16. Qxg5 {[%emt 0:00:08] And now e5 would win. The position is equal.} d6 17. Qg3 ({Much weaker is} 17. Qg7 Rf8 $15) (17. Qg7 $5 Rf8 $8 18. Qg3 $11 (18. Qxh7 Bb7 $17)) 17... e5 18. f4 Qe7 19. Qg7 Rf8 20. f5 (20. Qxh7 $2 {too greedy.} Qf6 (20... exf4 21. Qh6 $17) 21. fxe5 dxe5 $19) 20... f6 21. Qg1 Rf7 22. Qg8+ Rf8 23. Qg1 Rf7 $1 24. Qg8+ Rf8 25. Qg1 {[%emt 0:01:45] Weighted Error Value: White=0.04 (flawless) /Black=0.02 (flawless) .  Mistake:       	White=1     	---        OK:         	White=14    	Black=4      Best:        	---       	Black=2      Strong:       	---       	Black=2} 1/2-1/2

[Event "5th Shenzhen Longgang Masters 2024"]
[Site "Shengzhen"]
[Date "2024.03.04"]
[Round "5.4"]
[White "Artemiev, Vladislav"]
[Black "Dubov, Daniil"]
[Result "1/2-1/2"]
[ECO "C54"]
[WhiteElo "2711"]
[BlackElo "2708"]
[Annotator "TA"]
[PlyCount "61"]
[EventDate "2024.02.28"]
[EventType "tourn"]
[EventCountry "CHN"]
[SourceTitle "playchess.com"]
[Source "ChessBase"]
[SourceQuality "1"]
[TimeControl "40/5400+30:1800+30"]

1. e4 e5 2. Nf3 Nc6 3. Bc4 Nf6 4. d3 Bc5 5. c3 d6 6. O-O a6 7. Re1 O-O 8. h3 Na5 9. b4 {[%emt 0:01:17] White is slightly better.} Nxc4 10. bxc5 Na5 11. cxd6 cxd6 12. c4 b5 13. cxb5 axb5 14. Bg5 b4 {[%emt 0:01:02] Prevents Nc3.} 15. Nbd2 Nc6 16. Qc1 Ra6 17. a3 h6 18. Be3 bxa3 {[%emt 0:06:15] The position is equal.} 19. Rxa3 Rxa3 20. Qxa3 Be6 21. Rc1 Qd7 22. d4 exd4 23. Bxd4 Nxd4 24. Nxd4 Re8 25. Rc6 (25. Qd3 {simplifies} Rc8 26. Ra1 Qe7 27. Nxe6 Qxe6 28. Ra6) 25... Qb7 26. Qxd6 Nxe4 $1 27. Nxe4 {[%emt 0:00:05] Excellent horsemanship.} Qb1+ 28. Kh2 Qxe4 29. Nxe6 Rxe6 30. Qb8+ Re8 31. Rc8 {[%emt 0:00:07] Weighted Error Value: White=0.05 (flawless) /Black=0.04 (flawless) .  Inaccurate:     	White=1     	Black=1      OK:         	White=9     	Black=10     Best:        	White=2     	Black=1      Strong:       	---       	Black=1} 1/2-1/2

[Event "5th Shenzhen Longgang Masters 2024"]
[Site "Shengzhen"]
[Date "2024.03.06"]
[Round "6.1"]
[White "Xu, Xiangyu"]
[Black "Dubov, Daniil"]
[Result "1-0"]
[ECO "D70"]
[WhiteElo "2623"]
[BlackElo "2708"]
[Annotator "TA"]
[PlyCount "91"]
[EventDate "2024.02.28"]
[EventType "tourn"]
[EventCountry "CHN"]
[SourceTitle "playchess.com"]
[Source "ChessBase"]
[SourceQuality "1"]
[TimeControl "40/5400+30:1800+30"]

1. d4 Nf6 2. c4 g6 3. f3 d5 4. cxd5 Nxd5 5. e4 Nb6 6. Nc3 Bg7 7. Be3 Nc6 8. d5 {[%emt 0:00:39] D70: Grünfeld: Unusual White 3rd moves (met by ...d5).} Ne5 9. f4 Ng4 10. Bb5+ c6 11. dxc6 O-O 12. Qxd8 Rxd8 13. c7 Rf8 14. Bc5 Bxc3+ 15. bxc3 Bd7 $1 16. Bxd7 Nxd7 17. Bxe7 Rfe8 18. Bd8 $1 Rxe4+ 19. Ne2 Ne3 $146 (19... Nc5 $11) ({Predecessor:} 19... Nc5 20. h3 Nh6 21. Rb1 Rc8 22. Kf2 f5 23. Rb5 b6 24. Rxc5 bxc5 25. Rb1 Nf7 {½-½ Polishchuk,A (2317)-Poulos,G (2245) W-ch WS/M/838 email 2022}) 20. Kd2 ({White should play} 20. Kf2 $16 {Hoping for Ng3.} Nc5 21. h3) 20... Nc4+ (20... Nxg2 $6 21. Rhb1 Nb6 22. Rb4 $16) 21. Kc2 Rxe2+ (21... Rc8 {simplifies} 22. Rae1 Ne3+ 23. Kb1 Nd5) 22. Kd3 Re6 (22... Rf2 $11 {remains equal.} 23. Kxc4 Rxf4+ 24. Kb3 Nc5+ 25. Kb2 (25. Ka3 Rc4 $11) 25... Rc8 (25... Rf2+ 26. Ka3 $14)) 23. Kxc4 $16 Rc6+ 24. Kd5 $1 Nb6+ (24... Rxc3 $2 25. Kd4 Rc6 26. Rac1 (26. Rhc1 Rd6+ 27. Ke3 Nb6 $16) 26... Rd6+ 27. Ke3 $16) 25. Kd4 Rc8 (25... Rc4+ $2 26. Kd3 $18) 26. Rab1 Rd6+ 27. Ke4 Na4 28. Kf3 (28. Rxb7 $2 Nc5+ (28... Nxc3+ $2 29. Kf3 $18) 29. Ke3 Nxb7 $19) 28... Nc5 29. Rhe1 Re6 (29... h5 $16 {might work better.} 30. a4 b6 31. Re8+ Kh7) 30. Rxe6 $18 Nxe6 31. Rxb7 Nxd8 32. cxd8=Q+ Rxd8 33. Ke2 ({Less strong is} 33. Rxa7 Rd3+ 34. Ke2 Rxc3 $11) 33... Rc8 (33... a6 $16 34. Ra7 Rd6) 34. Kd3 $18 ({Much less strong is} 34. Rxa7 $6 Rxc3 35. Kd2 Rc5 $16) 34... Rd8+ 35. Kc2 Re8 36. c4 (36. Rxa7 Re2+ 37. Kd3 Rxg2 $18) 36... Kf8 $2 (36... a5 37. c5 Kg7) 37. Rxa7 $18 Re2+ 38. Kb3 Rxg2 39. a4 Rxh2 40. a5 Rh1 41. a6 Kg7 42. Rd7 Rb1+ 43. Ka2 Rb8 44. a7 Ra8 45. Kb3 h5 46. Kb4 1-0

[Event "5th Shenzhen Longgang Masters 2024"]
[Site "Shengzhen"]
[Date "2024.03.06"]
[Round "6.2"]
[White "Erigaisi Arjun"]
[Black "Artemiev, Vladislav"]
[Result "1/2-1/2"]
[ECO "C78"]
[WhiteElo "2738"]
[BlackElo "2711"]
[Annotator "TA"]
[PlyCount "60"]
[EventDate "2024.02.28"]
[EventType "tourn"]
[EventCountry "CHN"]
[SourceTitle "playchess.com"]
[Source "ChessBase"]
[SourceQuality "1"]
[TimeControl "40/5400+30:1800+30"]

1. e4 e5 2. Nf3 Nc6 3. Bb5 a6 4. Ba4 Nf6 5. O-O b5 6. Bb3 Bb7 7. d3 Bc5 8. a4 O-O 9. Bg5 h6 10. Bh4 Be7 11. axb5 axb5 {[%emt 0:00:28] White is slightly better.} 12. Rxa8 Bxa8 13. Na3 Bxa3 14. bxa3 Qe7 15. Qd2 Qd6 16. a4 b4 17. Rb1 {[%emt 0:06:46] White is more active.} (17. Ra1 $14) 17... Nh5 $11 {[%emt 0:07:43] The position is equal.} 18. Bd5 Nf4 19. Bxc6 Bxc6 20. Bg3 Bxa4 {[%emt 0:01:53] [#]} 21. Nxe5 $1 Qxe5 22. Bxf4 Qc3 23. Rxb4 (23. Qxc3 {simplifies} bxc3 24. Rc1 d6 25. f3) 23... Qa1+ (23... Qxd2 {simplifies} 24. Bxd2 Bxc2 25. Rd4 Ra8) 24. Qc1 Qxc1+ 25. Bxc1 Bxc2 {[%emt 0:00:13] KRB-KRB} 26. Rc4 Bxd3 27. Rxc7 Bxe4 28. Rxd7 Bf5 29. Rc7 Rc8 30. Rxc8+ Bxc8 {[%emt 0:00:05] Weighted Error Value: White=0.05 (flawless) /Black=0.02 (flawless) .  Mistake:       	White=1     	---        OK:         	White=14    	Black=10     Best:        	White=1     	Black=1} 1/2-1/2

[Event "5th Shenzhen Longgang Masters 2024"]
[Site "Shengzhen"]
[Date "2024.03.06"]
[Round "6.3"]
[White "Bu, Xiangzhi"]
[Black "Yu, Yangyi"]
[Result "1/2-1/2"]
[ECO "D05"]
[WhiteElo "2671"]
[BlackElo "2720"]
[Annotator "TA"]
[PlyCount "64"]
[EventDate "2024.02.28"]
[EventType "tourn"]
[EventCountry "CHN"]
[SourceTitle "playchess.com"]
[Source "ChessBase"]
[SourceQuality "1"]
[TimeControl "40/5400+30:1800+30"]

1. Nf3 c5 2. c3 Nf6 3. d4 e6 4. e3 b6 5. Nbd2 Bb7 6. Bd3 d5 7. O-O Be7 8. Qe2 Nc6 9. b3 O-O 10. Bb2 a5 11. a4 Rc8 12. Rac1 Bd6 13. Rfd1 Qe7 14. e4 dxe4 15. Nxe4 cxd4 16. Nxd6 Qxd6 17. Bb5 e5 18. Bxc6 Qxc6 (18... Rxc6 {simplifies} 19. Qxe5 Qxe5 20. Nxe5 Re6) 19. cxd4 (19. Nxe5 $2 Qxg2#) 19... Qe6 20. Rxc8 ({Not} 20. Nxe5 Qxb3 21. Qb5 Bd5 $15) 20... Rxc8 21. dxe5 Nd5 $1 22. Qd2 h6 23. Nd4 Qxe5 {[%emt 0:02:37] The position is equal.} 24. Nc6 Qe6 25. Qxd5 Qxc6 26. Qxc6 Bxc6 $11 {[%emt 0:00:11][%mdl 4096] Endgame. KRB-KRB} 27. f3 b5 28. Rc1 bxa4 29. bxa4 Bd7 30. Rxc8+ Bxc8 31. Bc3 Bd7 32. Bxa5 Bxa4 {[%emt 0:00:07] Weighted Error Value: White=0.02 (flawless) /Black=0.04 (flawless) .  Inaccurate:     	---       	Black=1      OK:         	White=13    	Black=12     Strong:       	---       	Black=1} 1/2-1/2